 Dungeon Crawl Stone Soup version 0.30-a0-738-g116ff8c4af (webtiles) character file.

Game seed: 14836898930571125246

4578 greenreed the Martial Artist (level 10, 0/72 HPs)
             Began as a Djinni Monk on Feb 3, 2023.
             Was a Believer of Makhleb.
             Slain by a gnoll sergeant
             ... wielding a +0 halberd
              (10 damage)
             ... in a bailey.
             The game lasted 00:27:33 (9473 turns).

greenreed the Martial Artist (Djinni Monk)          Turns: 9473, Time: 00:27:33

Health: 0/72       AC:  9    Str: 14    XL:     10   Next: 68%
Gold:   383        EV: 15    Int: 11    God:    Makhleb [**....] SH:  0 Dex: 17

rFire   + + .      SeeInvis +      - Unarmed
rCold   x . .      Faith    .    (no shield)
rNeg    + . .      Spirit   .    q - +1 robe {Will+}
rPois   ∞          Reflect  .    s - +2 helmet {SInv}
rElec   .          Harm     .    y - +1 cloak
rCorr   .          Rampage  .    o - +0 pair of gloves
Will    ++...                    (boots unavailable)
Stlth   ++                       (no amulet)
HPRegen 0.32/turn                w - ring of positive energy
MPRegen 0.00/turn                (no ring)

@: flying
A: sickness immunity, fire resistance 2, cold vulnerability 1, float, innate
caster, HP casting, extra vitality 1
a: Renounce Religion, Minor Destruction


You were in a bailey.
You worshipped Makhleb.
Makhleb was pleased with you.
You visited 2 branches of the dungeon, and saw 8 of its levels.
You also visited: Bailey.

You collected 383 gold pieces.

Inventory:

Missiles
 j - 5 datura-tipped darts
 D - a throwing net
Armour
 o - a +0 pair of gloves (worn)
 q - a +1 robe of willpower (worn)
 s - a +2 helmet of see invisible (worn)
 y - a +1 cloak (worn)
Magical Staves
 x - a staff of death
Jewellery
 u - a ring of see invisible
 w - a ring of positive energy (left hand)
Wands
 a - a wand of digging (11)
 t - a wand of flame (7)
Scrolls
 b - 2 scrolls of fear {unknown}
 h - 2 scrolls of amnesia {unknown}
 i - 7 scrolls of identify {unknown}
 k - 2 scrolls of fog {unknown}
 m - a scroll of enchant armour {unknown}
 n - a scroll of enchant weapon {unknown}
 p - 2 scrolls of magic mapping {unknown}
 v - a scroll of poison {unknown}
 B - a scroll of summoning {unknown}
 C - a scroll of blinking {unknown}
Potions
 c - 5 potions of mutation {unknown}
 d - 2 potions of flight {unknown}
 e - 2 potions of curing {unknown}
 f - 2 potions of berserk rage {unknown}
 g - 3 potions of resistance {unknown}
 l - a potion of cancellation {unknown}
 r - a potion of attraction {unknown}
 z - a potion of lignification {unknown}
 A - a potion of heal wounds {unknown}


   Skills:
 * Level 6.1 Fighting
 + Level 5.8 Dodging
 + Level 2.9 Stealth
 * Level 9.8 Unarmed Combat
 * Level 6.7 Spellcasting
 * Level 1.3 Invocations


You had 12 spell levels left.
You knew the following spells:

 Your Spells              Type           Power      Damage    Failure   Level
a - Foxfire               Conj/Fire      72%        2x1d7     1%          1
b - Call Imp              Summ           18%        N/A       1%          2
c - Kindle Blastsparks    Fire/Tloc/Air  36%        2d13      3%          3
d - Summon Lightning Spi  Summ/Air       18%        N/A       11%         4
Your spell library was empty.

Dungeon Overview and Level Annotations

Branches:
Dungeon (7/15)             Temple (1/1) D:7          Bailey (1/1)

Altars:
Ashenzari
Cheibriados
Elyvilon
Fedhas
Gozag
Hepliaklqana
Makhleb
Nemelex Xobeh
Qazlal
Trog
Uskayaw
Wu Jian
Xom
Yredelemnul
The Shining One

Shops:
D:3 [   D:6 (::


Innate Abilities, Weirdness & Mutations

You are immune to sickness and miasma.
You are immune to poison.
Your flesh is very heat resistant. (rF++)
You are vulnerable to cold. (rC-)
You float through the air rather than walking.
You learn spells naturally, not from books.
Your magical power is your life essence.
You have superior vitality. (+4 MHP)


Message History

You punch Grum! Your punch misses Grum.
Grum is severely wounded.
Grum hits you with a +0 trident!
You punch Grum!
Grum is almost dead.
The gnoll sergeant barely misses you.
You barely miss Grum.
Grum is almost dead.
Grum hits you with a +0 trident! The gnoll sergeant barely misses you.
Your magical contamination has completely faded away.
You are too injured to fight recklessly!
You are too injured to fight recklessly!
You are too injured to fight recklessly!
You punch Grum!
You kill Grum!
Makhleb accepts your kill. The gnoll sergeant barely misses you.
The gnoll sergeant hits you with a +0 halberd!
* * * LOW HITPOINT WARNING * * *
Things that are here:
a +0 trident; a +0 animal skin; 33 gold pieces You barely miss the gnoll sergeant.
The gnoll sergeant is almost dead.
The gnoll sergeant hits you with a +0 halberd!
* * * LOW HITPOINT WARNING * * *
You hit the gnoll sergeant but do no damage.
The gnoll sergeant is almost dead.
The gnoll sergeant closely misses you.
You barely miss the gnoll sergeant.
The gnoll sergeant is almost dead.
Press: ? - help, v - describe, . - travel
Here: a gnoll sergeant, wielding a +0 halberd and wearing a +0 chain mail (almost dead)
The floor.
Attack: -) Nothing wielded
Press: ? - help, Dir - move target, f - gnoll sergeant
Aim: a gnoll sergeant, wielding a +0 halberd and wearing a +0 chain mail (almost dead, about 24% to evade your hands)
You hit the gnoll sergeant.
The gnoll sergeant is almost dead.
The gnoll sergeant hits you with a +0 halberd!
You die...

'...'.g ...'..g...≈♣
'...# #......≈♣ #
##'##.)≈♣ # .. #..≈♣
# #.. #.)≈♣ # ..g
#..≈♣ # .. ##).≈♣ ###
. ##g..≈♣
..#############)@.≈≈♣
≈≈≈≈≈≈≈≈≈≈≈≈≈≈≈≈≈≈≈♣♣
♣♣♣♣♣♣♣♣♣♣♣♣♣♣♣♣♣♣♣♣


You could see a gnoll sergeant.

Vanquished Creatures
  Sigmund (D:3)
  Grum (Bailey)
  Menkaure (D:5)
  Edmund (D:6)
  3 water moccasins
  4 ice beasts
  A sky beast (D:7)
  2 ogres
  A wolf (Bailey)
  Blork the orc (D:6)
  3 bullfrogs
  A gnoll sergeant (Bailey)
  3 necrophages
  3 scorpions
  2 wights
  A howler monkey (D:6)
  3 orc priests
  7 hounds
  2 jellies (D:5)
  5 iguanas
  A gnoll bouda (Bailey)
  Ijyb (D:4)
  2 orc wizards (D:6)
  A statue (D:3)
  4 gnolls (Bailey)
  6 adders
  A shadow imp (D:7)
  An ufetubus (D:6)
  A dart slug (D:4)
  3 worms (D:2)
  9 orcs
  6 bats
  6 endoplasms
  6 giant cockroaches
  7 goblins
  4 hobgoblins
  3 jackals (D:4)
  A quokka (D:4)
  4 ball pythons
  4 frilled lizards
  11 kobolds
  2 rats
130 creatures vanquished.

Vanquished Creatures (collateral kills)
  The ghost of jimonade the Sneak, an amateur GnBr (D:3)
  A steam dragon (D:6)
  An ice beast (D:7)
  6 wolves (Bailey)
  A phantom (D:5)
  A gnoll sergeant (Bailey)
  2 scorpions
  A wight (D:7)
  A jelly (D:4)
  A hound (D:7)
  3 gnoll boudas (Bailey)
  Crazy Yiuf (D:6)
  An iguana (D:4)
  6 gnolls
  An orc (D:4)
  A jackal (D:4)
  5 kobolds (D:7)
34 creatures vanquished.

Vanquished Creatures (others)
  281 foxfires
  11 plants
  12 withered plants (D:3)
304 creatures vanquished.

Grand Total: 468 creatures vanquished

Notes
Turn   | Place    | Note
-------+----------+-------------------------------------------
     0 | D:1      | greenreed the Djinni Monk began the quest for the Orb.
     0 | D:1      | Reached XP level 1. HP: 20/20 MP: 0/0
   189 | D:1      | Reached XP level 2. HP: 25/25 MP: 0/0
   653 | D:1      | Reached XP level 3. HP: 26/30 MP: 0/0
   653 | D:1      | Learned a level 1 spell: Foxfire
  1270 | D:2      | Found a shimmering altar of Xom.
  1633 | D:2      | Reached XP level 4. HP: 35/35 MP: 0/0
  2123 | D:3      | Noticed Sigmund
  2420 | D:3      | Found a broken altar of Ashenzari.
  2427 | D:3      | Reached skill level 1 in Spellcasting
  2481 | D:3      | Noticed a charred statue
  2496 | D:3      | Killed a charred statue
  2497 | D:3      | Reached skill level 4 in Unarmed Combat
  2497 | D:3      | Reached XP level 5. HP: 34/40 MP: 0/0
  2497 | D:3      | Learned a level 2 spell: Call Imp
  2580 | D:3      | Found Pupit's Armour Shop.
  2641 | D:3      | Found a faded altar of an unknown god.
  2931 | D:3      | Found a bloodstained altar of Trog.
  3078 | D:3      | Killed Sigmund
  3079 | D:3      | Reached XP level 6. HP: 8/47 MP: 0/0
  3320 | D:3      | Found a runed translucent door.
  3321 | D:3      | Noticed jimonade's ghost (amateur GnBr)
  3562 | D:3      | Killed jimonade's ghost
  3563 | D:3      | Reached XP level 7. HP: 36/52 MP: 0/0
  3563 | D:3      | Learned a level 3 spell: Kindle Blastsparks
  3692 | D:4      | Noticed Ijyb
  3707 | D:4      | Killed Ijyb
  3933 | D:4      | Found an ornate altar of the Wu Jian Council.
  3935 | D:4      | Found a basalt altar of Yredelemnul.
  4133 | D:4      | Noticed a water moccasin
  4150 | D:4      | Killed a water moccasin
  4151 | D:4      | Reached skill level 5 in Unarmed Combat
  4161 | D:4      | Reached XP level 8. HP: 33/58 MP: 0/0
  4790 | D:5      | Entered Level 5 of the Dungeon
  4815 | D:5      | Found a shimmering altar of Xom.
  5153 | D:5      | Reached skill level 6 in Unarmed Combat
  5320 | D:5      | Noticed Menkaure
  5334 | D:5      | HP: 2/58 [orc priest/divine providence (16)]
  5469 | D:5      | Identified the +7 hand axe of Icwygeut {vamp, Str+6}
  5539 | D:5      | Reached XP level 9. HP: 48/63 MP: 0/0
  5539 | D:5      | Learned a level 4 spell: Summon Lightning Spire
  5911 | D:5      | Killed Menkaure
  5912 | D:5      | Reached skill level 7 in Unarmed Combat
  5912 | D:5      | Reached skill level 5 in Spellcasting
  6135 | D:6      | Found a glowing golden altar of the Shining One.
  6164 | D:6      | Reached skill level 5 in Dodging
  6177 | D:6      | Reached skill level 5 in Fighting
  6336 | D:6      | Noticed Blork the orc
  6347 | D:6      | Killed Blork the orc
  6590 | D:6      | Found Orocibok's Weapon Boutique.
  6685 | D:6      | Found Gaogapah's Book Emporium.
  6714 | D:6      | Reached skill level 8 in Unarmed Combat
  6856 | D:6      | Found Lidyacurgh's Weapon Emporium.
  6856 | D:6      | Noticed Edmund
  6875 | D:6      | Killed Edmund
  7438 | D:6      | Found Omimuom's Book Shop.
  7457 | D:6      | Found a runed translucent door.
  7458 | D:6      | Noticed Crazy Yiuf
  7479 | D:6      | Killed Crazy Yiuf
  7712 | D:7      | Reached XP level 10. HP: 66/70 MP: 0/0
  7838 | D:7      | Reached skill level 9 in Unarmed Combat
  8155 | D:7      | Found a staircase to the Ecumenical Temple.
  8167 | D:7      | Found a flagged portal.
  8183 | Temple   | Entered the Ecumenical Temple
  8220 | Temple   | Became a worshipper of Makhleb the Destroyer
  8220 | Temple   | Reached * piety under Makhleb
  8220 | Temple   | Reached ** piety under Makhleb
  8244 | Bailey   | Entered a bailey
  8957 | Bailey   | Reached skill level 1 in Invocations
  9456 | Bailey   | Noticed Grum
  9468 | Bailey   | Killed Grum
  9473 | Bailey   | Slain by a gnoll sergeant

Illustrated notes

Levels and vault maps discovered:
D:1:      kennysheep_arrival_seaside, layout_loops_ring
D:2:      layout_loops_ring, basic_altar
D:3:      layout_rooms, lemuel_tele_altar, cheibrodos_ashenzari_chains,
          vehumet_statue, serial_shops, shop_fountains,
          shapermc_ecumenical_altar_flowoftime, gammafunk_ghost_grave,
          nrook_mini_backslash, uniq_sigmund
D:4:      layout_loops_ring, nicolae_overflow_hidden_temple, uniq_ijyb
D:5:      layout_basic, xom_confusion_cloud, minivault_14, uniq_menkaure
D:6:      layout_basic, mainiacjoe_overflow_cross_hatched, serial_shops, shop,
          nicolae_diamond_shop, shop_fountains, nicolae_shop_advertising_works
          [nicolae_subvault_shop_adworks], uniq_blork_the_orc,
          uniq_crazy_yiuf_cottage, uniq_edmund
D:7:      layout_rooms, mainiacjoe_overflow_tiny_flanked,
          minmay_temple_entry_tees, enter_bailey_6, grunt_decor_arrowhead
Temple:   nicolae_temple_bog_church
Bailey:   bailey_polearm_gnolls_kennysheep, bailey

Skill      XL: |  1  2  3  4  5  6  7  8  9 10 |
---------------+-------------------------------+-----
Spellcasting   | 1 2 3 4 5 6 |  6.7
Unarmed Combat | 4 5 6 8 9 |  9.8
Dodging        | 4 5 |  5.8
Stealth        | 2 |  2.9
Fighting       | 4 5 6 |  6.1
Invocations    | 1 |  1.3

Action                     |  1- 3 |  4- 6 |  7- 9 | 10-12 || total
---------------------------+-------+-------+-------+-------++-------
  Melee: Unarmed           |    79 |    85 |   267 |   108 ||   539
         Punch             |     1 |     2 |    12 |     8 ||    23
   Cast: Foxfire           |    24 |    43 |    77 |    24 ||   168
         Call Imp          |       |    29 |    20 |     8 ||    57
         Kindle Blastspark |       |       |     5 |       ||     5
         Summon Lightning  |       |       |       |    20 ||    20
    Use: Potion            |       |       |     1 |       ||     1
   Stab: Sleeping          |     4 |       |       |       ||     4
         Distracted        |       |     1 |     2 |     2 ||     5
 Armour: Robe              |    10 |    16 |    70 |    40 ||   136
  Dodge: Dodged            |    46 |    91 |   167 |   151 ||   455

Table legend: (Time is in decaauts)
 A = Elapsed time spent in this place.
 B = Non-inter-level travel time spent in this place.
 C = Inter-level travel time spent in this place.
 D = Time resting spent in this place.
 E = Time spent auto-exploring this place.
 F = Levels seen in this place.
 G = Mean time per level.
                   A        B        C        D        E       F      G
               +--------+--------+--------+--------+--------+-----+--------+
         Total |   9418 |   8983 |    435 |   1787 |   5332 |   9 | 1046.4 |
       Dungeon |   8152 |   7726 |    426 |   1098 |   5071 |   7 | 1164.6 |
        Temple |     47 |     38 |      9 |      0 |      0 |   1 |   47.0 |
        Bailey |   1218 |   1218 |      0 |    689 |    261 |   1 | 1218.0 |
               +--------+--------+--------+--------+--------+-----+--------+

Top non-repeatable levels by time:
     D:6: 1631 daAuts
     D:4: 1517 daAuts
     D:3: 1422 daAuts
     D:2: 1273 daAuts
  Bailey: 1218 daAuts
     D:5: 1076 daAuts
     D:1: 970 daAuts
     D:7: 259 daAuts
  Temple: 47 daAuts
